 Dungeon Crawl Stone Soup version 0.29.1-15-g9cfb28693d (webtiles) character file.

Game seed: 1624019165142150473

249 BuddhaDhamma the Cleaver (level 5, -4/67 HPs)
             Began as a Minotaur Berserker on Mar 6, 2023.
             Was a Believer of Trog.
             Slain by an orc warrior
             ... wielding a +0 scimitar
              (8 damage)
             ... on level 4 of the Dungeon.
             The game lasted 00:06:31 (2890 turns).

BuddhaDhamma the Cleaver (Minotaur Berserker)       Turns: 2890, Time: 00:06:32

Health: -4/67      AC: 15    Str: 23    XL:     5   Next: 87%
Magic:  4/4        EV:  8    Int:  4    God:    Trog [**....]
Gold:   105        SH:  0    Dex: 10    Spells: 4/4 levels left

rFire   . . .      SeeInvis .   a - +1 hand axe
rCold   . . .      Faith    .   (no shield)
rNeg    . . .      Spirit   .   o - +0 chain mail
rPois   .          Reflect  .   (helmet restricted)
rElec   .          Harm     .   n - +2 cloak
rCorr   +          Rampage  .   b - +2 pair of gloves of Quinir {Will+ rCorr}
Will    +....                   (no boots)
Stlth   ..........              (no amulet)
HPRegen 0.21/turn               (no ring)
MPRegen 0.09/turn               (no ring)

@: berserking, very quick
A: horns 2, retaliatory headbutt
a: Renounce Religion, Berserk, Trog's Hand


You were on level 4 of the Dungeon.
You worshipped Trog.
Trog was pleased with you.
You visited 1 branch of the dungeon, and saw 4 of its levels.

You collected 105 gold pieces.

Inventory:

Hand Weapons
 a - a +1 hand axe (weapon)
Armour
 b - the +2 pair of gloves of Quinir (worn) {Will+ rCorr}
   (You acquired it on level 3 of the Dungeon)

   rCorr:     It protects you from acid and corrosion.
   Will:      It increases your willpower.
 n - a +2 cloak (worn)
 o - a +0 chain mail (worn)
Wands
 m - a wand of digging (1)
Scrolls
 c - a scroll of immolation
 e - a scroll of teleportation
Potions
 d - a potion of degeneration
 f - a potion of cancellation
 i - a potion of haste
 j - 3 potions of curing
 p - a potion of brilliance


   Skills:
 - Level 3.6 Fighting
 + Level 8.0 Axes
 - Level 2.4 Armour
 - Level 2.1 Dodging


You had 4 spell levels left.
You didn't know any spells.
Your spell library was empty.

Dungeon Overview and Level Annotations

Branches:
Dungeon (4/15)
 Temple: D:4-7

Altars:
Okawaru
Sif Muna

Shops:
D:1 (


Innate Abilities, Weirdness & Mutations

You have a pair of horns on your head.
You reflexively headbutt those who attack you in melee.


Message History

Trog accepts your kill.
Your Axes skill increases to level 8!
You recover from your berserk rage.
An orc warrior comes into view. It is wielding a +0 scimitar.
The orc warrior shouts!
You hear a shout!
You closely miss the orc warrior. The orc warrior barely misses you.
You closely miss the orc warrior.
You headbutt the orc warrior, but do no damage.
The orc warrior hits you with a +0 scimitar!
You hit the orc warrior but do no damage.
An orc wizard comes into view. It is wielding a +0 dagger.
The orc warrior hits you but does no damage.
You barely miss the orc warrior.
The orc warrior hits you with a +0 scimitar!
A red film seems to cover your vision as you go berserk!
You feel yourself moving faster!
You feel mighty!
The orc wizard mumbles some strange words.
The orc wizard flickers and vanishes!
Deactivating autopickup; reactivate with Ctrl-A.
The orc warrior hits you with a +0 scimitar.
* * * LOW HITPOINT WARNING * * *
You closely miss the orc warrior. Your headbutt misses the orc warrior.
You slash the orc warrior!
The orc warrior is moderately wounded.
An orc wizard comes into view. It is wielding a +0 dagger.
The orc warrior hits you with a +0 scimitar!
* * * LOW HITPOINT WARNING * * *
You hit the orc warrior but do no damage.
The orc warrior is moderately wounded.
You closely miss the orc warrior. You headbutt the orc warrior.
The orc warrior is heavily wounded.
The orc wizard mumbles some strange words.
The orc wizard flickers and vanishes!
The orc warrior hits you with a +0 scimitar!
* * * LOW HITPOINT WARNING * * *
You slash the orc warrior! Your headbutt misses the orc warrior.
The orc warrior is severely wounded.
An orc comes into view. It is wielding a +0 short sword.
The orc warrior hits you with a +0 scimitar!
You die...

.....(. ### ..... o.#
... #.# #.# #.#
##.######
####.#####...†...#
#...{...#...####.#
#.##o##.#..#####.####
#.##@##.#..##........
#.##.......##.##.####
#.#####.#.....##.#
#.#####.#........#
#.......###.######
##########...# #...#
#...# #...#


You could see an orc warrior and an orc (wandering).

Vanquished Creatures
  A black bear (D:4)
  Crazy Yiuf (D:2)
  An iguana (D:4)
  Terence (D:2)
  2 adders
  3 dart slugs
  An orc (D:3)
  6 endoplasms
  2 giant cockroaches
  10 goblins
  6 hobgoblins
  3 jackals (D:2)
  4 kobolds
  A quokka (D:2)
  3 ball pythons
  4 bats
  2 frilled lizards
  4 rats
55 creatures vanquished.

Notes
Turn   | Place    | Note
-------+----------+-------------------------------------------
     0 | D:1      | BuddhaDhamma the Minotaur Berserker began the quest for the
                  | Orb.
     0 | D:1      | Reached XP level 1. HP: 19/19 MP: 0/0
   127 | D:1      | Found Wyjedamu's Antique Weapon Boutique.
   250 | D:1      | Reached skill level 4 in Axes
   362 | D:1      | Reached XP level 2. HP: 25/26 MP: 1/1
   766 | D:1      | Found a faded altar of an unknown god.
  1305 | D:2      | Noticed Terence
  1310 | D:2      | Killed Terence
  1311 | D:2      | Reached skill level 5 in Axes
  1311 | D:2      | Reached XP level 3. HP: 20/31 MP: 2/2
  1598 | D:2      | Reached ** piety under Trog
  1655 | D:2      | Reached skill level 6 in Axes
  1655 | D:2      | Reached XP level 4. HP: 39/39 MP: 3/3
  1844 | D:2      | Found a runed translucent door.
  1845 | D:2      | Noticed Crazy Yiuf
  1961 | D:2      | Killed Crazy Yiuf
  2327 | D:3      | Found an iron altar of Okawaru.
  2328 | D:3      | Found a shimmering blue altar of Sif Muna.
  2708 | D:3      | Identified a scroll of acquirement
  2708 | D:3      | Acquired the +2 pair of gloves of Quinir {Will+ rCorr}
  2772 | D:4      | Noticed a black bear
  2779 | D:4      | Killed a black bear
  2780 | D:4      | Reached skill level 7 in Axes
  2780 | D:4      | Reached XP level 5. HP: 45/45 MP: 4/4
  2834 | D:4      | Reached skill level 8 in Axes
  2875 | D:4      | Noticed an orc warrior
  2890 | D:4      | Slain by an orc warrior

Illustrated notes

Levels and vault maps discovered:
D:1:      dpeg_arrival_boxes_within_box, layout_loops_ring, serial_shops,
          nicolae_square_shop, hellmonk_ecumenical_altar_crossroads
D:2:      layout_basic, minmay_hexomino_u4, uniq_terence,
          uniq_crazy_yiuf_cottage
D:3:      layout_basic, mainiacjoe_overflow_divided_tiny
D:4:      layout_loops_cross, minmay_temple_entry_hall

Skill      XL: |  1  2  3  4  5 |
---------------+----------------+-----
Axes           | 4 5 6 7 8 |  8.0
Fighting       | |  3.6
Armour         | |  2.4
Dodging        | |  2.1

Action                   |  1- 3 |  4- 6 || total
-------------------------+-------+-------++-------
Melee: Hand axe          |    65 |    67 ||   132
       Headbutt          |     6 |     8 ||    14
       Punch             |     1 |       ||     1
Invok: Berserk           |     1 |     3 ||     4
  Use: Scroll            |       |    13 ||    13
 Stab: Sleeping          |     2 |       ||     2
Armor: Animal skin       |     4 |       ||     4
       Leather armour    |     7 |       ||     7
       Ring mail         |     1 |     8 ||     9
       Chain mail        |       |    27 ||    27
Dodge: Dodged            |    35 |    21 ||    56
